 Dungeon Crawl Stone Soup version 0.24.0-125-gc4c63601f3 (webtiles) character file.

Game seed: 2990520593677928345, levelgen mode: deterministic

661539 Amplified the Slayer (level 27, -10/384 HPs)
             Began as a Minotaur Earth Elementalist on Mar 20, 2020.
             Was the Champion of Makhleb.
             Mangled by a dire elephant (13 damage)
             ... on level 5 of the Abyss on Mar 21, 2020.
             The game lasted 02:16:36 (68033 turns).

Amplified the Slayer (Minotaur Earth Elementalist) Turns: 68033, Time: 02:16:37

Health: -10/384    AC: 24    Str: 30 (31) XL:     27
Magic:  35/35      EV: 19    Int: -2 (8)  God:    Makhleb [******]
Gold:   2898       SH:  7    Dex: 11      Spells: 31/49 levels left

rFire    + . .     SeeInvis +   Q - +9 eudemon blade (holy)
rCold    + + +     Gourm    .   E - +2 buckler "Buphasoth" {Slay+5 Stlth-}
rNeg     + + +     Faith    .   a - +6 scale mail "Sosmunt" {rElec rN++ rCorr Int-2}
rPois    +         Spirit   .   Y - +2 hat
rElec    +         Reflect  .   G - scarf {rC+ rF+}
rCorr    +         Harm     .   L - +2 pair of gloves of Insecurity {rPois rC+ Stlth+}
MR       ++++.     Rnd*Rage +   N - +2 pair of boots Stlth ..........Rnd*Tele +
                                S - amulet "Baxkoi" {RegenMP rPois MP+9 Str+3 Stlth-}
HPRegen  0.74/turn              K - ring of see invisible
MPRegen  0.49/turn              R - ring of Moodiness {rN+ MR++ Str+5}

@: berserking, slowed, lost intelligence, studying Armour
A: retaliatory headbutt, horns 2, talons 1, [berserk 3], [blurry vision 3],
[clumsy 2], cold resistance 1, deformed body, deterioration 1[+1], dopey 1[+1],
low mp 2[+1], screaming 1[+2], strong 1, [teleportitis 3], [weak 2], [no potion
heal 2], subdued magic 1[+2]
}: 5/15 runes: barnacled, slimy, silver, abyssal, gossamer
a: Minor Destruction, Lesser Servant of Makhleb, Major Destruction, Greater
Servant of Makhleb, Renounce Religion


You were on level 5 of the Abyss.
You worshipped Makhleb.
Makhleb was exalted by your worship.
You were not hungry.

You visited 10 branches of the dungeon, and saw 52 of its levels.
You visited the Abyss 2 times.
You visited 1 bazaar.
You also visited: Ice Cave and Volcano.

You collected 9139 gold pieces.
You spent 6241 gold pieces at shops.

Inventory:

Hand Weapons
 Q - a +9 eudemon blade of holy wrath (weapon)
Missiles
 j - 169 stones
 v - 12 curare-tipped darts
 z - 5 throwing nets (quivered)
Armour
 a - the +6 scale mail "Sosmunt" (worn) {rElec rN++ rCorr Int-2}
   (You found it on level 4 of the Lair of Beasts)

   It affects your intelligence (-2).
   It insulates you from electricity.
   It greatly protects you from negative energy.
   It provides partial protection from all sources of acid and corrosion.
 l - the +0 hat of the Slug {Str+7 Dex-4}
   (You acquired it on level 5 of the Abyss)

   It affects your strength (+7).
   It affects your dexterity (-4).
 B - the +2 ratskin cloak {+Rats rPois rN+ Str-1 Int-1 Dex+1}
   (You found it on level 6 of the Dungeon)

   It affects your strength (-1).
   It affects your intelligence (-1).
   It affects your dexterity (+1).
   It protects you from poison.
   It protects you from negative energy.
 E - the +2 buckler "Buphasoth" (worn) {Slay+5 Stlth-}
   (You found it on level 4 of the Shoals)

   It affects your accuracy and damage with ranged weapons and melee attacks
   (+5).
   It makes you less stealthy.
 G - a scarf of resistance (worn)
 L - the +2 pair of gloves of Insecurity (worn) {rPois rC+ Stlth+}
   (You found it on level 4 of the Vaults)

   It protects you from cold.
   It protects you from poison.
   It makes you more stealthy.
 N - a +2 pair of boots (worn)
 Y - a +2 hat (worn)
Jewellery
 b - the ring "Hauqymn" {-Tele rPois rC++ Int+9 Slay+4}
   (You acquired it on level 3 of the Elven Halls)

   [ring of slaying]

   It affects your intelligence (+9).
   It affects your accuracy and damage with ranged weapons and melee attacks
   (+4).
   It greatly protects you from cold.
   It protects you from poison.
   It prevents most forms of teleportation.
 f - an uncursed ring of flight
 r - the ring "Icuxaen" {rElec rPois EV+2 Str+3 Dex+5}
   (You found it on level 3 of the Spider Nest)

   [ring of evasion]

   It affects your evasion (+2).
   It affects your strength (+3).
   It affects your dexterity (+5).
   It insulates you from electricity.
   It protects you from poison.
 y - the ring "Zafyqe" {rElec rF+ MR+++ MP-9 Stlth-}
   (You took it off a fire giant on level 5 of the Vaults)

   [ring of protection from fire]

   It protects you from fire.
   It insulates you from electricity.
   It affects your resistance to hostile enchantments.
   It affects your magic capacity (-9).
   It makes you less stealthy.
 K - a ring of see invisible (left hand)
 R - the ring of Moodiness (right hand) {rN+ MR++ Str+5}
   (You found it on level 3 of the Shoals)

   [ring of positive energy]

   It affects your strength (+5).
   It protects you from negative energy.
   It affects your resistance to hostile enchantments.
 S - the amulet "Baxkoi" (around neck) {RegenMP rPois MP+9 Str+3 Stlth-}
   (You found it on level 3 of the Shoals)

   [amulet of magic regeneration]

   It increases your magic regeneration.
   It affects your strength (+3).
   It protects you from poison.
   It affects your magic capacity (+9).
   It makes you less stealthy.
Wands
 i - a wand of scattershot (6)
 q - a wand of digging (29)
 w - a wand of iceblast (51)
 C - a wand of acid (6)
 T - a wand of clouds (3)
Scrolls
 e - 8 scrolls of fear
 h - 7 scrolls of identify
 m - 38 scrolls of remove curse
 n - 22 scrolls of teleportation
 o - 10 scrolls of immolation
 u - 23 scrolls of amnesia
 x - 7 scrolls of enchant armour
 D - 8 scrolls of blinking
 J - 2 scrolls of summoning
 P - 3 scrolls of brand weapon
 W - 8 scrolls of fog
Potions
 c - 4 potions of ambrosia
 g - a potion of magic
 k - a potion of haste
 p - 17 potions of curing
 A - 4 potions of heal wounds
 F - 4 potions of mutation
 H - a potion of resistance
 I - 2 potions of cancellation
 M - 12 potions of brilliance
 U - 2 potions of flight
 X - a potion of invisibility
 Z - a potion of might
Books
 t - a manual of Armour
Miscellaneous
 O - 3 phantom mirrors
Comestibles
 d - 84 rations


   Skills:
 - Level 22.7 Fighting
   Level 7.4(14.2) Short Blades
 - Level 19.9(20.3) Long Blades
   Level 3.5 Maces & Flails
 * Level 20.9 Armour
 - Level 17.0 Dodging
 - Level 10.6 Stealth
 - Level 7.1 Shields
 * Level 11.7 Spellcasting
   Level 10.1 Conjurations
 - Level 5.1 Hexes
 * Level 10.4 Charms
 - Level 0.7 Transmutations
 * Level 11.3 Air Magic
 - Level 2.4 Earth Magic
 - Level 15.7 Invocations
 - Level 12.5 Evocations


You had 31 spell levels left.
You knew the following spells:

 Your Spells              Type           Power        Failure   Level  Hunger
a - Sandblast             Erth           #.....       7%          1    ##.....
b - Passwall              Tmut/Erth      #.......     16%         2    ###....
c - Confusing Touch       Hex            #.....       1%          1    ##.....
d - Apportation           Tloc           #.....       22%         1    ##.....
e - Spectral Weapon       Hex/Chrm       #.......     1%          3    ####...
f - Summon Butterflies    Summ           #.......     22%         1    ##.....
g - Regeneration          Chrm/Necr      #.........   6%          3    ####...
h - Deflect Missiles      Chrm/Air       #.........   38%         6    #######

Your spell library contained the following spells:

 Spells                   Type           Power        Failure   Level  Hunger
 Corona                   Hex            #......      1%          1    ##.....
 Flame Tongue             Conj/Fire      #....        1%          1    ##.....
 Infusion                 Chrm           #...         1%          1    ##.....
 Sting                    Conj/Pois      #...         1%          1    ##.....
 Poisonous Vapours        Pois/Air       #.....       1%          2    ###....
 Song of Slaying          Chrm           #.......     1%          2    ###....
 Swiftness                Chrm/Air       #.......     1%          2    ###....
 Dazzling Spray           Conj/Hex       #.....       1%          3    ####...
 Shroud of Golubria       Chrm/Tloc      #.....       2%          2    ###....
 Slow                     Hex            #.......     2%          2    ###....
 Throw Flame              Conj/Fire      #.....       2%          2    ###....
 Throw Frost              Conj/Ice       #.....       2%          2    ###....
 Mephitic Cloud           Conj/Pois/Air  #.......     2%          3    ####...
 Stone Arrow              Conj/Erth      #.....       3%          3    ####...
 Confuse                  Hex            #.......     6%          3    ####...
 Ozocubu's Armour         Chrm/Ice       #.......     6%          3    ####...
 Tukima's Dance           Hex            #.......     6%          3    ####...
 Conjure Flame            Conj/Fire      #.......     7%          3    ####...
 Iskenderun's Battlesphe  Conj/Chrm      #.......     8%          5    ######.
 Ensorcelled Hibernation  Hex/Ice        #.....       11%         2    ###....
 Beastly Appendage        Tmut           #.....       16%         1    ##.....
 Summon Lightning Spire   Summ/Air       #.......     21%         4    #####..
 Silence                  Hex/Air        #.........   21%         5    ######.
 Animate Skeleton         Necr           N/A          22%         1    ##.....
 Freeze                   Ice            #...         22%         1    ##.....
 Summon Small Mammal      Summ           #...         22%         1    ##.....
 Inner Flame              Hex/Fire       #.......     22%         3    ####...
 Portal Projectile        Hex/Tloc       #.....       22%         3    ####...
 Summon Guardian Golem    Hex/Summ       #.......     22%         3    ####...
 Sticks to Snakes         Tmut           #.......     24%         2    ###....
 Cause Fear               Hex            #.........   26%         4    #####..
 Force Lance              Conj/Tloc      #.......     26%         4    #####..
 Sticky Flame             Conj/Fire      #.......     26%         4    #####..
 Throw Icicle             Conj/Ice       #.......     26%         4    #####..
 Call Imp                 Summ           #.......     32%         2    ###....
 Corpse Rot               Necr           N/A          32%         2    ###....
 Sublimation of Blood     Necr           #.........   32%         2    ###....
 Conjure Ball Lightning   Conj/Air       #.........   41%         6    #######
 Leda's Liquefaction      Hex/Erth       #.........   45%         4    #####..
 Spider Form              Tmut/Pois      #.........   52%         3    ####...
 Ignite Poison            Fire/Tmut/Pois #.......     54%         3    ####...
 Call Canine Familiar     Summ           #.......     58%         3    ####...
 Gell's Gravitas          Tloc           #.........   58%         3    ####...
 Recall                   Summ/Tloc      N/A          58%         3    ####...
 Irradiate                Conj/Tmut      #.........   58%         5    ######.
 Excruciating Wounds      Chrm/Necr      #.........   61%         5    ######.
 Bolt of Draining         Conj/Necr      #.........   63%         5    ######.
 Fireball                 Conj/Fire      #.........   63%         5    ######.
 Venom Bolt               Conj/Pois      #.........   63%         5    ######.
 Bolt of Magma            Conj/Fire/Erth #.........   77%         5    ######.
 Petrify                  Tmut/Erth      #.......     78%         4    #####..
 Freezing Cloud           Conj/Ice/Air   #.........   90%         6    #######
 Yara's Violent Unravell  Hex/Tmut       #.........   91%         5    ######.
 Ice Form                 Ice/Tmut       #.......     92%         4    #####..
 Metabolic Englaciation   Hex/Ice        #.........   94%         5    ######.
 Summon Mana Viper        Hex/Summ       #.......     94%         5    ######.
 Animate Dead             Necr           N/A          95%         4    #####..
 Olgreb's Toxic Radiance  Pois           #.......     95%         4    #####..
 Passage of Golubria      Tloc           N/A          95%         4    #####..
 Summon Ice Beast         Ice/Summ       #.......     95%         4    #####..
 Lee's Rapid Deconstruct  Erth           #.........   95%         5    ######.
 Iron Shot                Conj/Erth      #.........   97%         6    #######
 Orb of Destruction       Conj           #.........   98%         7    #######
 Blade Hands              Tmut           #.........   99%         5    ######.
 Borgnjor's Vile Clutch   Necr/Erth      #.........   99%         5    ######.
 Bolt of Fire             Conj/Fire      #.........   99%         6    #######
 Darkness                 Hex            #.........   99%         6    #######
 Invisibility             Hex            #.......     99%         6    #######
 Agony                    Necr           #.......     100%        5    ######.
 Alistair's Intoxication  Tmut/Pois      #.......     100%        5    ######.
 Aura of Abjuration       Summ           #.........   100%        5    ######.
 Dispel Undead            Necr           #.......     100%        5    ######.
 Summon Demon             Summ           #.........   100%        5    ######.
 Summon Forest            Summ/Tloc      #.........   100%        5    ######.
 Death Channel            Necr           #.........   100%        6    #######
 Dispersal                Tloc           #.........   100%        6    #######
 Hydra Form               Tmut           #.........   100%        6    #######
 Shadow Creatures         Summ           N/A          100%        6    #######
 Simulacrum               Ice/Necr       #.........   100%        6    #######
 Statue Form              Tmut/Erth      #........    100%        6    #######
 Dragon Form              Tmut           #.........   100%        7    #######
 Haunt                    Necr/Summ      #.........   100%        7    #######
 Malign Gateway           Summ/Tloc      #.........   100%        7    #######
 Monstrous Menagerie      Summ           #.........   100%        7    #######
 Ring of Flames           Chrm/Fire      #.........   100%        7    #######
 Spellforged Servitor     Conj/Summ      #.........   100%        7    #######
 Summon Greater Demon     Summ           #.........   100%        7    #######
 Summon Hydra             Summ           #.........   100%        7    #######
 Borgnjor's Revivificati  Necr           #.........   100%        8    #######
 Controlled Blink         Tloc           N/A          100%        8    #######
 Death's Door             Chrm/Necr      #.........   100%        8    #######
 Discord                  Hex            #.........   100%        8    #######
 Disjunction              Tloc           #.........   100%        8    #######
 Ignition                 Fire           #.........   100%        8    #######
 Infestation              Necr           #.........   100%        8    #######
 Necromutation            Tmut/Necr      #.........   100%        8    #######
 Summon Horrible Things   Summ           #.........   100%        8    #######
 Dragon's Call            Summ           #.........   100%        9    #######
 Shatter                  Erth           #.........   100%        9    #######
 Tornado                  Air            #.........   100%        9    #######


Dungeon Overview and Level Annotations

Branches:
Dungeon (15/15)            Temple (0/1) D:4            Lair (6/6) D:10
 Shoals (4/4) Lair:2       Spider (4/4) Lair:4        Slime (5/5) Lair:5
    Orc (2/2) D:9             Elf (3/3) Orc:2        Vaults (5/5) D:14
  Crypt (3/3) Vaults:2       Tomb (0/3) Crypt:3      Depths (5/5) D:15
    Zot (0/5) Depths:5      IceCv (visited)         Volcano (visited)

Altars:
Cheibriados
Dithmenos
Gozag
Hepliaklqana
Kikubaaqudgha
Makhleb
Nemelex Xobeh
Qazlal
Ru
Sif Muna
Trog
Uskayaw
Wu Jian
Yredelemnul
Zin
The Shining One

Shops:
D:11 :   Orc:1 ?   Orc:2 (?}!?   Elf:2 }   Shoals:3 *   Vaults:1 }   Vaults:2 [
Depths:1 :   Depths:2 *(   Depths:4 =}*[(   Depths:5 ?

Portals:
Hell: Depths:1 Depths:2 Depths:3 Depths:4 Depths:5
Abyss: Depths:3 Depths:4
Pandemonium: Depths:3
Ziggurat: Depths:3

Annotations:
Lair:4 exclusion: 2 oklob plants
Elf:2 3 runed translucent doors
Depths:1 3 runed translucent doors, Cimmios's ghost, veteran BaIE; Giur's ghost, veteran TrFi; Kywuokin's ghost, veteran FoFi
Depths:2 1 runed translucent door, aloneDruid's ghost, adept GnGl


Innate Abilities, Weirdness & Mutations

You reflexively headbutt those who attack you in melee.
You have a pair of horns on your head.
You have sharp toenails.
Your flesh is cold resistant. (rC+)
Armour fits poorly on your strangely shaped body.
Your muscles are strong. (Str +2)
[You have an uncontrollable temper.]
[Scrolls take you much longer to read.]
[You are very clumsy. (Dex -4)]
[Your body often deteriorates upon taking damage.]
[You are very dopey. (Int -4)]
[Your magical capacity is extremely low. (-30% MP)]
[You frequently scream uncontrollably at your foes.]
[You are often teleported next to monsters.]
[You are very weak. (Str -4)]
[Potions are poor at restoring your health.]
[Your spells are much easier to cast, but much less powerful.]


Message History

The spatial maelstrom resists.
The blast of flame misses you.
The spatial maelstrom hits you but does no damage.
The spatial maelstrom hits you!
* * * LOW HITPOINT WARNING * * *
Space bends around you.
* * * LOW HITPOINT WARNING * * *
You block the dire elephant's attack. The dire elephant closely misses you.
The wretched star pulses with an eldritch light!
You feel even more weirdly uncertain.
The hellephant blinks!
Unknown command.
Okay, then.
Okay, then.
Okay, then.
A red film seems to cover your vision as you go berserk!
You feel yourself moving faster!
You feel mighty!
You closely miss the hellephant.
The hellephant is severely wounded.
The dire elephant tramples you!
You die...

.X≈§§§........≈≈≈§...
.X≈≈≈v. ....§§..≈≈≈≈
.≈≈.≈.. #....#§.. #
§≈.≈..##.v...#. ≈#
∩§≈.§≈...○_..'. ≈≈#
§≈§v....○..8# ).≈#
.§§.≈v.v.#.###§..≈#§≈.
# ≈≈§§..Y.8.†...≈§≈≈§#
.§§≈§.Y@vY†..≈≈≈§Y. #
# ...§≈§≈*§≈§§§§≈≈≈S
≈..x≈≈§§§§≈≈≈≈≈≈.§ ≈ .
..≈..X§§≈§§§v≈≈≈) § .#
...≈..X§§≈≈§≈≈§S..≈.##
#
#.##...##h#.#####§#§#
. ##.# ##...# . .. # .
## ...# # .##.# #. . .


You could see 2 hellephants, a dire elephant, a spatial maelstrom, a wretched
star, 6 spatial vortices, a large abomination, a mana viper and a small
abomination.

Vanquished Creatures
  the Royal Jelly (Slime:5)
  An ancient lich (Crypt:3)
  Mara (Crypt:3)
  Mennas (Vaults:4)
  2 juggernauts (Depths:5)
  The ghost of Trobe the Axe Maniac, a veteran HOFi of Okawaru (Vaults:4)
  Margery (Vaults:4)
  Xtahua (Vaults:4)
  Frederick (Vaults:5)
  3 caustic shrikes (Depths:5)
  A curse toe (Crypt:3)
  6 golden dragons
  Nikola (Vaults:1)
  Jory (Crypt:2)
  5 bone dragons
  The ghost of Citam the Geomancer, an adept OgEE of Vehumet (Spider:3)
  2 hellephants (Abyss:5)
  5 tentacled monstrosities
  5 liches
  Jorgrun (D:14)
  A Hell Sentinel (Abyss:5)
  2 deep elf master archers (Elf:3)
  2 deep elf blademasters (Elf:3)
  A quicksilver dragon (Vaults:5)
  19 acid blobs
  A kraken (Shoals:2)
  Polyphemus (Shoals:2)
  7 tentacled starspawn
  7 ancient champions
  10 tengu reavers
  4 shadow dragons
  7 sphinxes
  Gastronok (D:8)
  Kirke (D:15)
  3 storm dragons
  5 azure jellies
  A revenant (Abyss:5)
  Ilsuiw (Shoals:4)
  A daeva (Abyss:5)
  An iron dragon (Vaults:5)
  4 ghost moths (Spider:4)
  12 fire giants
  12 vault wardens
  5 deep elf sorcerers
  A curse skull (Crypt:1)
  14 frost giants
  A caustic shrike zombie (Depths:4)
  A balrug (Depths:2)
  Aizul (Shoals:3)
  A draconian stormcaller (Depths:5)
  7 emperor scorpions
  3 ghouls
  11 ironheart preservers
  A draconian shifter (Abyss:5)
  6 deep elf elementalists
  A spriggan defender (Depths:4)
  A reaper (Abyss:5)
  3 caustic shrike skeletons (Crypt:3)
  9 very ugly things
  9 entropy weavers
  27 stone giants
  5 deep elf demonologists
  The ghost of Xaom the Peltast, a journeyman MiFi of Makhleb (D:15)
  3 vampire knights
  4 dire elephants (Abyss:5)
  3 lorocyprocas (Abyss:5)
  A yellow draconian (Abyss:5)
  8 deep elf annihilators
  A white draconian (Depths:5)
  2 black draconians
  2 purple draconians (Depths:5)
  12 ettins
  6 eidola
  2 green draconians (Depths:5)
  A red draconian (Abyss:5)
  6 spark wasps
  6 merfolk javelineers
  11 deep elf death magi
  3 blizzard demons (Abyss:5)
  2 death oozes (Slime:5)
  A mummy priest (Crypt:3)
  2 green deaths (Abyss:3)
  9 fire dragons
  8 merfolk impalers
  A great orb of eyes (shapeshifter) (Vaults:5)
  7 great orbs of eyes
  A jiangshi (Crypt:2)
  13 ogre magi
  8 ice dragons
  31 vault guards
  3 deep elf high priests (Elf:3)
  12 yaktaur captains
  A quicksilver dragon skeleton (Crypt:3)
  A naga warrior (Abyss:5)
  13 hydras
  2 catoblepae
  2 spriggan air magi (Depths:3)
  A merfolk avatar (Shoals:4)
  8 centaur warriors
  14 rakshasas
  A queen ant (Lair:5)
  8 merfolk aquamancers
  5 death knights
  26 two-headed ogres
  3 satyrs
  4 deep troll shamans
  10 dancing weapons
  4 tengu warriors
  10 deep troll earth magi
  10 death yaks
  2 orc high priests (Elf:3)
  4 vampire magi
  12 hell hogs
  12 thrashing horrors (Abyss:5)
  Nergalle (Lair:1)
  2 spriggan berserkers
  4 sun demons
  7 wretched stars (Abyss:5)
  4 titan skeletons (Crypt:3)
  14 deep elf knights
  2 shadow wraiths
  A sixfirhy (Abyss:5)
  16 hell knights
  The ghost of hitsuchi the Firebug, a novice HOFE of Okawaru (D:8)
  A salamander mystic (Depths:1)
  27 skeletal warriors
  A death drake (Abyss:3)
  4 iron trolls
  6 spatial maelstroms
  6 unseen horrors
  48 starcursed masses
  A golden dragon skeleton (Depths:4)
  4 flayed ghosts
  3 shadow demons
  11 sea snakes
  12 deep trolls
  6 wizards
  22 deep elf archers
  6 glowing orange brains
  A swamp dragon (shapeshifter) (Vaults:5)
  2 harpies (shapeshifter)
  A golden dragon zombie (Crypt:3)
  12 ironbrand convokers
  12 phantasmal warriors
  15 orc knights
  33 harpies
  2 lindwurms
  A sphinx zombie (Vaults:3)
  5 shining eyes
  16 necromancers
  25 wolf spiders
  An iron dragon zombie (Crypt:1)
  11 orb spiders
  8 orc sorcerers
  A fire giant zombie (Crypt:2)
  12 fauns
  5 cyclopes
  2 oklob plants (Lair:4)
  2 wolf spiders (shapeshifter) (Vaults:5)
  34 ugly things
  A sphinx skeleton (Vaults:3)
  A worldbinder (Abyss:5)
  A human zombie (Vaults:3)
  A manticore (shapeshifter) (Depths:2)
  14 manticores
  An iron dragon skeleton (Crypt:3)
  81 deep elf magi
  4 salamanders
  28 elephants
  A moth of wrath (Spider:4)
  6 water nymphs
  2 elephants (shapeshifter) (Vaults:5)
  21 vault sentinels
  2 salamanders (shapeshifter) (Vaults:1)
  3 stone giant skeletons (Crypt:3)
  A guardian serpent (Abyss:5)
  3 ice statues (IceCv)
  4 fire giant skeletons
  10 merfolk sirens
  3 apocalypse crabs
  2 frost giant skeletons (Crypt:3)
  5 black mambas
  9 smoke demons
  A storm dragon simulacrum (Vaults:3)
  A torpor snail (Spider:3)
  3 orange demons
  A torpor snail (shapeshifter) (Vaults:3)
  2 gargoyles
  A tormentor (Abyss:4)
  26 spiny frogs
  5 eyes of devastation
  A catoblepas zombie (Crypt:1)
  2 hellions (Abyss:5)
  A spectral redback (Spider:3)
  14 komodo dragons
  10 kobold demonologists
  17 freezing wraiths
  2 rime drakes
  50 yaktaurs
  A black draconian zombie (Crypt:1)
  A yellow draconian skeleton (Crypt:3)
  4 efreet (Abyss:5)
  17 demonic crawlers
  An entropy weaver simulacrum (Spider:3)
  A minotaur skeleton (Crypt:2)
  2 spark wasp simulacra
  A hellwing (Abyss:5)
  8 ancient zymes
  10 ice devils (IceCv)
  A golden dragon simulacrum (Crypt:2)
  3 tengu conjurers
  31 merfolk
  2 black draconian skeletons
  7 trolls
  2 trolls (shapeshifter)
  26 jumping spiders
  9 wind drakes
  A moth of wrath zombie (Crypt:2)
  3 tyrant leeches (Lair:6)
  6 guardian mummies (Crypt:3)
  A queen bee (Spider:3)
  A jumping spider (shapeshifter) (Depths:4)
  A hornet (shapeshifter) (Depths:3)
  24 hornets
  3 meliai (Spider:3)
  9 raiju (Abyss:5)
  A harpy skeleton (Crypt:3)
  The ghost of nemuritori the Insei, an amateur HuTm (D:4)
  102 slime creatures
  An alligator zombie (Crypt:2)
  4 bog bodies (Crypt:3)
  15 blink frogs
  2 raiju (shapeshifter)
  11 dream sheep
  A fire dragon zombie (Crypt:1)
  10 hippogriffs
  An ettin skeleton (Crypt:2)
  A hydra skeleton (Crypt:3)
  9 snapping turtles
  A satyr zombie (Crypt:3)
  A fire giant simulacrum (Depths:2)
  69 redbacks
  An alligator skeleton (Crypt:3)
  5 shadows
  A guardian serpent skeleton (Crypt:1)
  2 spriggans (shapeshifter)
  7 wraiths
  2 air elementals (Elf:1)
  8 flying skulls
  28 large abominations
  A fire dragon skeleton (Crypt:3)
  A redback (shapeshifter) (Vaults:5)
  31 tarantellas
  19 water elementals
  7 ynoxinuls
  2 spriggans (D:15)
  4 wyverns
  32 yaks
  Eustachio (D:6)
  3 golden eyes
  7 neqoxecs (Abyss:5)
  A human (D:11)
  9 fire bats
  A wind drake skeleton (Crypt:1)
  4 basilisks
  9 hogs
  5 fire elementals
  2 golden eyes (shapeshifter)
  A hungry ghost (D:14)
  3 steam dragons (Volcano)
  A basilisk (shapeshifter) (Vaults:5)
  6 chaos spawn
  17 spatial vortices
  2 redback simulacra (Spider:3)
  A swamp worm (shapeshifter) (D:15)
  8 vampire mosquitoes
  Edmund (D:4)
  An acid dragon (Vaults:2)
  5 insubstantial wisps (Abyss:5)
  26 soldier ants
  15 water moccasins
  4 wargs
  A naga (shapeshifter) (Depths:4)
  A naga (Abyss:5)
  A hydra simulacrum (Crypt:2)
  A hell hound (Volcano)
  A merfolk skeleton (Abyss:5)
  7 porcupines
  18 small abominations
  A moth of wrath simulacrum (Spider:3)
  6 ice beasts
  2 black bears
  A floating eye (Depths:4)
  2 tarantella simulacra (Spider:3)
  51 orc warriors
  8 eyes of draining
  A black bear (shapeshifter) (Vaults:2)
  A dream sheep zombie (Crypt:1)
  2 sky beasts
  A swamp dragon zombie (Crypt:1)
  2 lindwurm zombies
  2 snapping turtle skeletons
  26 boggarts
  A necrophage (D:10)
  38 ogres
  3 phantoms
  A wolf (D:15)
  24 centaurs
  4 crocodiles
  10 earth elementals
  13 big kobolds
  2 elf skeletons
  2 wyvern zombies (Crypt:2)
  26 bullfrogs
  An orb spider simulacrum (Spider:3)
  3 scorpions
  A wyvern skeleton (Crypt:2)
  2 elf simulacra
  31 killer bees
  A swamp dragon simulacrum (Crypt:1)
  3 human simulacra
  A troll skeleton (Crypt:1)
  4 electric eels
  A howler monkey (D:7)
  26 wights
  A howler monkey (shapeshifter) (Elf:1)
  11 jellies
  7 lava snakes (Volcano)
  8 crimson imps
  3 quasits
  A bullfrog zombie (D:10)
  2 centaur zombies
  2 draconian simulacra (IceCv)
  2 hounds
  23 orc wizards
  3 bullfrog skeletons
  13 orc priests
  An iron imp (Abyss:3)
  3 centaur skeletons
  A gnoll shaman (D:3)
  2 iguanas
  3 hell rats (D:6)
  3 human skeletons
  29 worker ants
  A troll simulacrum (IceCv)
  A porcupine skeleton (Crypt:2)
  A killer bee zombie (D:9)
  A crocodile zombie (Crypt:1)
  A tengu zombie (Crypt:2)
  A centaur simulacrum (IceCv)
  A dwarf skeleton (Crypt:2)
  A deep dwarf skeleton (Crypt:3)
  An ogre skeleton (Crypt:1)
  A tengu skeleton (Crypt:3)
  A hound zombie (D:8)
  A worker ant zombie (D:10)
  12 adders
  A gnoll (D:3)
  A howler monkey skeleton (D:7)
  3 ogre simulacra (IceCv)
  3 naga simulacra (IceCv)
  4 river rats (D:6)
  5 shadow imps
  2 white imps (Abyss:3)
  An ufetubus (Abyss:3)
  2 iguana skeletons
  An adder skeleton (D:7)
  A lava snake skeleton (Crypt:3)
  3 worms
  2 dart slugs (D:1)
  6 leopard geckos
  84 orcs
  2 ball pythons
  8 bats
  5 giant cockroaches
  7 goblins
  4 hobgoblins
  11 jackals
  38 kobolds
  5 quokkas
  2 frilled lizards
  A giant cockroach zombie (Crypt:1)
  A leopard gecko skeleton (D:7)
  A leopard gecko zombie (D:5)
  2 quokka skeletons
  A quokka zombie (D:6)
  22 rats
  A fungus (Lair:5)
  2 lurking horrors (Abyss:5)
  3 plants
  6 starspawn tentacles (Abyss:5)
  4 tentacles (Shoals:2)
2738 creatures vanquished.

Vanquished Creatures (collateral kills)
  A juggernaut (Depths:4)
  Saint Roka (Vaults:2)
  A tentacled monstrosity (Vaults:5)
  A titan (Vaults:4)
  A sphinx (Vaults:5)
  A tengu reaver (Depths:4)
  A storm dragon (Depths:4)
  A deep elf sorcerer (Vaults:5)
  An iron dragon (Vaults:5)
  A draconian shifter (Abyss:5)
  A very ugly thing (Vaults:4)
  A deep elf annihilator (Vaults:5)
  An ettin (Orc:1)
  A deep elf death mage (Vaults:5)
  A death ooze (Slime:5)
  A deep elf high priest (Vaults:5)
  A vault guard (Vaults:5)
  A centaur warrior (Vaults:1)
  2 two-headed ogres (Vaults:4)
  An ogre mage (Vaults:4)
  A deep troll (Vaults:5)
  A flayed ghost (Vaults:4)
  2 deep elf archers (Vaults:4)
  2 orb spiders (Spider:3)
  3 orc knights
  An oklob plant (Lair:3)
  3 deep elf magi (Vaults:5)
  A sphinx skeleton (Depths:4)
  2 wolf spiders
  A guardian serpent (shapeshifter) (Depths:4)
  An elephant (Lair:4)
  2 jumping spiders (Spider:3)
  2 tyrant leeches (Lair:6)
  A hornet (Vaults:4)
  8 redbacks
  2 tarantellas (Spider:4)
  A fire bat (Volcano)
  A neqoxec (Abyss:5)
  A warg (Orc:1)
  A soldier ant (shapeshifter) (Vaults:4)
  A hell hound (Volcano)
  A porcupine (Lair:2)
  7 orc warriors
  2 ogres (Vaults:4)
  A boggart (Vaults:4)
  A starcursed mass (Abyss:5)
  An orc priest (Orc:2)
  4 orc wizards
  11 orcs
  A kobold (Vaults:4)
  A lurking horror (Abyss:5)
89 creatures vanquished.

Vanquished Creatures (others)
  A fire giant (Depths:4)
  A draconian stormcaller (Depths:5)
  A merfolk aquamancer (Shoals:4)
  A harpy (Shoals:1)
  A wolf spider (Spider:4)
  A tengu conjurer (Depths:2)
  A raiju (Abyss:5)
  2 golden eyes (Abyss:5)
  A crimson imp (D:13)
  An orc priest (Orc:2)
  A white imp (Abyss:5)
  21 fungi
  4 lurking horrors (Abyss:5)
  53 plants
  3 spectral weapons
  17 starspawn tentacles
  4 tentacles (Shoals:2)
  3 withered plants (Depths:1)
117 creatures vanquished.

Grand Total: 2944 creatures vanquished

Notes
Turn   | Place    | Note
-------+----------+-------------------------------------------
     0 | D:1      | Amplified the Minotaur Earth Elementalist began the quest
                  | for the Orb.
     0 | D:1      | Reached XP level 1. HP: 14/14 MP: 1/1
   239 | D:1      | Reached skill level 1 in Fighting
   267 | D:1      | Reached skill level 1 in Armour
   267 | D:1      | Reached XP level 2. HP: 23/23 MP: 0/3
   631 | D:1      | Learned a level 2 spell: Passwall
  1028 | D:2      | Reached XP level 3. HP: 29/29 MP: 2/4
  1225 | D:3      | Reached skill level 2 in Fighting
  1234 | D:3      | Reached skill level 1 in Maces & Flails
  1234 | D:3      | Reached skill level 1 in Shields
  1505 | D:2      | Noticed a bullfrog
  1515 | D:2      | Killed a bullfrog
  1515 | D:2      | Reached XP level 4. HP: 17/37 MP: 5/5
  1944 | D:3      | Reached skill level 3 in Fighting
  2021 | D:3      | Noticed a sky beast
  2026 | D:3      | Reached XP level 5. HP: 30/45 MP: 6/6
  2051 | D:3      | Killed a sky beast
  2067 | D:3      | Reached XP level 6. HP: 20/52 MP: 7/7
  2071 | D:3      | Reached skill level 4 in Fighting
  2443 | D:3      | Found an ornate altar of the Wu Jian Council.
  2505 | D:3      | Found a burning altar of Makhleb.
  2523 | D:3      | Found a stormy altar of Qazlal.
  2527 | D:3      | Noticed an air elemental
  2527 | D:3      | Noticed a fire elemental
  2527 | D:3      | Noticed a water elemental
  2938 | D:3      | Found an ancient bone altar of Kikubaaqudgha.
  2938 | D:3      | Found a glowing silver altar of Zin.
  3025 | D:3      | Became a worshipper of Makhleb the Destroyer
  3156 | D:4      | Found a staircase to the Ecumenical Temple.
  3205 | D:4      | Got a warped dagger
  3219 | D:4      | Got a dazzling dagger
  3220 | D:4      | Identified the +9 dagger "Akuschunt" {pierce, +Blink MR-
                  | Str+4} (You found it on level 4 of the Dungeon)
  3221 | D:4      | Identified the +4 dagger of the Five Beggars {holy, rPois
                  | MR++ Str-4 Stlth+} (You found it on level 4 of the Dungeon)
  3480 | D:4      | Reached skill level 1 in Invocations
  3534 | D:4      | Reached skill level 1 in Short Blades
  3661 | D:4      | Reached XP level 7. HP: 55/60 MP: 8/8
  3671 | D:4      | Noticed Edmund
  3681 | D:4      | Killed Edmund
  3752 | D:4      | Found a runed translucent door.
  3752 | D:4      | Noticed nemuritori's ghost (amateur HuTm)
  3859 | D:5      | Entered Level 5 of the Dungeon
  3961 | D:5      | Found a hide-covered altar of Uskayaw.
  3961 | D:5      | Noticed a +0 hand axe
  3962 | D:5      | Noticed a +0 hand axe
  4006 | D:5      | Reached skill level 5 in Fighting
  4436 | D:5      | Reached * piety under Makhleb
  4641 | D:5      | Reached XP level 8. HP: 40/68 MP: 9/9
  5182 | D:6      | Reached skill level 5 in Shields
  5182 | D:6      | Noticed Eustachio
  5185 | D:6      | Got a scorched falchion
  5205 | D:6      | Found an opulent altar of Gozag.
  5220 | D:6      | Killed Eustachio
  5372 | D:6      | Identified the +8 falchion "Fasady" {flame, Str+2} (You
                  | found it on level 6 of the Dungeon)
  5567 | D:6      | Found the +2 ratskin cloak {+Rats rPois rN+ Str-1 Int-1
                  | Dex+1}
  5678 | D:6      | Reached skill level 1 in Long Blades
  5876 | D:6      | Found a sparkling altar of Nemelex Xobeh.
  5912 | D:7      | Reached skill level 6 in Fighting
  5948 | D:7      | Reached ** piety under Makhleb
  6197 | D:7      | Found a glowing golden altar of the Shining One.
  6239 | D:7      | Reached XP level 9. HP: 64/75 MP: 10/10
  6311 | D:7      | Got a twisted quarterstaff
  6331 | D:7      | Found a hazy altar of Hepliaklqana.
  6331 | D:7      | Found a bloodstained altar of Trog.
  6585 | D:7      | Reached skill level 5 in Armour
  6981 | D:8      | Found a runed translucent gate.
  6981 | D:8      | Found a runed translucent gate.
  6981 | D:8      | Found a runed translucent gate.
  6981 | D:8      | Noticed hitsuchi's ghost (novice HOFE)
  6981 | D:8      | Noticed a ten-headed hydra
  7044 | D:8      | Reached *** piety under Makhleb
  7084 | D:8      | Noticed Gastronok
  7096 | D:8      | Killed Gastronok
  7096 | D:8      | Reached skill level 7 in Fighting
  7096 | D:8      | Reached skill level 5 in Short Blades
  7172 | D:8      | Reached XP level 10. HP: 58/86 MP: 12/12
  7473 | D:8      | Found a shadowy altar of Dithmenos.
  7473 | D:8      | Found a sacrificial altar of Ru.
  7610 | D:8      | Reached skill level 5 in Invocations
  7653 | D:8      | Reached skill level 5 in Stealth
  7672 | D:8      | Learned a level 1 spell: Confusing Touch
  7876 | D:9      | Found a staircase to the Orcish Mines.
  8126 | D:9      | Killed an unseen horror
  8126 | D:9      | Reached skill level 5 in Long Blades
  8218 | D:9      | Reached skill level 1 in Hexes
  8251 | D:10     | Entered Level 10 of the Dungeon
  8296 | D:10     | Reached **** piety under Makhleb
  8342 | D:10     | Found a staircase to the Lair.
  8358 | D:10     | Reached skill level 8 in Fighting
  8453 | D:10     | Found an ornate altar of the Wu Jian Council.
  8545 | D:10     | Got a steaming garnet amulet
  8932 | D:11     | Noticed a seven-headed hydra
  8934 | D:11     | Killed a seven-headed hydra
  8968 | D:11     | Found Xuarekis's Book Emporium.
  8980 | D:11     | Reached XP level 11. HP: 95/95 MP: 14/14
  9242 | D:11     | Reached ***** piety under Makhleb
  9416 | D:11     | Noticed a brown ugly thing
  9794 | D:11     | Killed a brown ugly thing
 10363 | D:12     | Noticed a brown ugly thing
 11068 | D:8      | Killed a five-headed hydra
 11103 | D:8      | Got a translucent long sword
 11105 | D:8      | Identified the +5 long sword of Tusyasch {slice, rElec}
                  | (You found it on level 8 of the Dungeon)
 11291 | D:4      | Killed nemuritori's ghost
 11312 | D:5      | Identified the amulet of Oruusa {Harm *Drain *Slow rElec
                  | Str+3 Dex+4} (You found it on level 10 of the Dungeon)
 11930 | D:12     | Reached skill level 9 in Fighting
 12535 | Lair:1   | Entered Level 1 of the Lair of Beasts
 13043 | Lair:1   | Noticed Nergalle
 13054 | Lair:1   | Killed Nergalle
 13071 | Lair:1   | Noticed a five-headed hydra
 13277 | Lair:1   | Reached XP level 12. HP: 69/105 MP: 16/16
 13479 | Lair:1   | Killed a two-headed hydra
 13937 | Lair:2   | Reached skill level 10 in Fighting
 14115 | Lair:2   | Found a staircase to the Shoals.
 15225 | Lair:3   | Noticed an eight-headed hydra
 15531 | Lair:3   | Killed a one-headed hydra
 15954 | Lair:3   | Got a twisted ring mail
 15957 | Lair:3   | Identified the +5 ring mail of the Known World {*Contam
                  | rElec Str+2} (You found it on level 3 of the Lair of
                  | Beasts)
 16304 | Lair:3   | Reached XP level 13. HP: 114/114 MP: 19/19
 16576 | Lair:3   | Reached skill level 5 in Spellcasting
 16930 | Lair:4   | Reached skill level 11 in Fighting
 17810 | Lair:4   | Reached skill level 5 in Hexes
 18100 | Lair:4   | Reached skill level 10 in Long Blades
 18128 | Lair:4   | Found a hole to the Spider Nest.
 18592 | Lair:5   | Identified the Collected Works on Summoning and Dislocation
 18635 | Lair:5   | Identified a scroll of acquirement
 18636 | Lair:5   | Got a pair of blackened gloves
 18642 | Lair:5   | Identified the +0 pair of gloves of the Duke {Int+4} (You
                  | acquired it on level 5 of the Lair of Beasts)
 18796 | Lair:5   | Noticed an entropy weaver
 18797 | Lair:5   | Noticed an entropy weaver
 18958 | Lair:5   | Got a twisted ring mail
 19006 | Lair:5   | Found a staircase to the Slime Pits.
 19073 | Lair:5   | Found a dark tunnel.
 19082 | Volcano  | Entered a volcano
 19199 | Volcano  | Found a radiant altar of Vehumet.
 19239 | Volcano  | Reached skill level 12 in Fighting
 19250 | Volcano  | Reached ****** piety under Makhleb
 19293 | Volcano  | Noticed a fire dragon
 19304 | Volcano  | Killed a fire dragon
 19472 | Lair:5   | Killed an entropy weaver
 19878 | Lair:5   | Killed an entropy weaver
 19878 | Lair:5   | Reached XP level 14. HP: 53/126 MP: 21/21
 20378 | Lair:6   | Entered Level 6 of the Lair of Beasts
 20427 | Lair:6   | Identified the +1 ring mail of the Three Spreadsheets
                  | {rElec MR+ Int+2} (You found it on level 5 of the Lair of
                  | Beasts)
 21034 | Lair:6   | Reached skill level 5 in Dodging
 21201 | Lair:6   | Reached skill level 10 in Stealth
 21584 | Lair:4   | Reached skill level 13 in Fighting
 21959 | Lair:4   | Learned a level 1 spell: Apportation
 21978 | Lair:4   | Got a brightly glowing scale mail
 21978 | Lair:4   | Got a scorched ring mail
 22123 | Orc:1    | Entered Level 1 of the Orcish Mines
 22167 | Orc:2    | Entered Level 2 of the Orcish Mines
 22460 | Orc:1    | Found a frozen archway.
 22516 | IceCv    | Entered an ice cave
 23387 | IceCv    | Identified the +6 scale mail "Sosmunt" {rElec rN++ rCorr
                  | Int-2} (You found it on level 4 of the Lair of Beasts)
 23602 | IceCv    | Identified the +1 ring mail of Panentheism {rElec rC- MR++
                  | Dex+3} (You found it on level 4 of the Lair of Beasts)
 23618 | Orc:1    | Gained mutation: [Scrolls take you a little longer to
                  | read.] [mutagenic glow]
 23655 | Orc:1    | Found Ruex Pam's Magic Scroll Emporium.
 23670 | Orc:1    | Bought a scroll of blinking for 105 gold pieces
 23670 | Orc:1    | Bought a scroll of identify for 28 gold pieces
 23670 | Orc:1    | Bought a scroll of identify for 28 gold pieces
 24364 | D:13     | Got a dazzling ring mail
 24367 | D:13     | Identified the +3 ring mail of Card Tricks {MR+} (You found
                  | it on level 13 of the Dungeon)
 24615 | D:14     | Reached XP level 15. HP: 101/136 MP: 22/22
 24806 | D:14     | Noticed Jorgrun
 24821 | D:14     | Killed Jorgrun
 25370 | D:15     | Entered Level 15 of the Dungeon
 26257 | D:14     | Paralysed by an orc sorcerer for 6 turns
 26442 | D:14     | Reached skill level 14 in Fighting
 26620 | D:13     | Reached skill level 10 in Armour
 27383 | Lair:6   | Identified the Guide on Mutagenic Bewitchment
 27661 | Lair:5   | Lost mutation: [Scrolls take you a little longer to read.]
                  | [potion of mutation]
 27661 | Lair:5   | Gained mutation: Your muscles are strong. (Str +2) [potion
                  | of mutation]
 27661 | Lair:5   | Gained mutation: Your spells are a little harder to cast,
                  | but a little more powerful. [potion of mutation]
 27661 | Lair:5   | Gained mutation: You have sharp toenails. [potion of
                  | mutation]
 27661 | Lair:5   | Gained mutation: Your flesh is cold resistant. (rC+)
                  | [potion of mutation]
 28406 | Orc:2    | Found a staircase to the Elven Halls.
 28420 | Orc:2    | Found Weisy's Weapon Boutique.
 28823 | Orc:2    | Found Egisof's Distillery.
 28823 | Orc:2    | Found Boage's Gadget Shop.
 28825 | Orc:2    | Found Jeko's Magic Scroll Boutique.
 28827 | Orc:2    | Found Ixew's Magic Scroll Emporium.
 28839 | Orc:2    | Bought a scroll of acquirement for 624 gold pieces
 28840 | Orc:2    | Got an iridescent quick blade
 28841 | Orc:2    | Identified the +5 quick blade of Dawn {pierce, Str+4} (You
                  | acquired it on level 2 of the Orcish Mines)
 28842 | Orc:2    | Bought a scroll of magic mapping for 42 gold pieces
 28842 | Orc:2    | Bought a scroll of enchant weapon for 90 gold pieces
 28842 | Orc:2    | Bought a scroll of teleportation for 36 gold pieces
 28842 | Orc:2    | Bought a scroll of fog for 24 gold pieces
 28842 | Orc:2    | Bought a scroll of silence for 90 gold pieces
 28844 | Orc:2    | Bought a potion of heal wounds for 90 gold pieces
 28844 | Orc:2    | Bought a potion of brilliance for 72 gold pieces
 28844 | Orc:2    | Bought a potion of might for 72 gold pieces
 28844 | Orc:2    | Bought a potion of curing for 54 gold pieces
 28844 | Orc:2    | Bought a potion of curing for 54 gold pieces
 28844 | Orc:2    | Bought a potion of curing for 54 gold pieces
 28844 | Orc:2    | Bought a potion of curing for 54 gold pieces
 28844 | Orc:2    | Bought a potion of mutation for 144 gold pieces
 28847 | Orc:2    | Bought a scroll of teleportation for 48 gold pieces
 28847 | Orc:2    | Bought a scroll of teleportation for 48 gold pieces
 28847 | Orc:2    | Bought a scroll of teleportation for 48 gold pieces
 28847 | Orc:2    | Bought a scroll of enchant armour for 120 gold pieces
 28847 | Orc:2    | Bought a scroll of fear for 56 gold pieces
 28847 | Orc:2    | Bought a scroll of enchant weapon for 120 gold pieces
 28847 | Orc:2    | Bought a scroll of vulnerability for 120 gold pieces
 29110 | Spider:1 | Entered Level 1 of the Spider Nest
 29612 | Spider:1 | Reached XP level 16. HP: 100/147 MP: 23/23
 29729 | Spider:1 | Reached skill level 15 in Fighting
 31035 | Spider:2 | Reached skill level 10 in Dodging
 31593 | Shoals:1 | Entered Level 1 of the Shoals
 31912 | Orc:2    | Bought a +1 great sword of holy wrath for 224 gold pieces
 32522 | Spider:3 | Got a coiled wooden ring
 32523 | Spider:3 | Identified the ring "Icuxaen" {rElec rPois EV+2 Str+3
                  | Dex+5} (You found it on level 3 of the Spider Nest)
 32577 | Spider:4 | Entered Level 4 of the Spider Nest
 32885 | Spider:4 | Reached skill level 15 in Long Blades
 33711 | Spider:3 | Reached XP level 17. HP: 124/156 MP: 24/24
 33806 | Spider:3 | Found a runed translucent gate.
 33806 | Spider:3 | Found a runed translucent gate.
 33806 | Spider:3 | Found a runed translucent gate.
 33807 | Spider:3 | Noticed Citam's ghost (adept OgEE)
 34004 | Spider:3 | Killed Citam's ghost
 34799 | Spider:4 | HP: 4/156 [emperor scorpion (8)]
 35280 | Spider:4 | Got a gossamer rune of Zot
 35616 | Elf:1    | Entered Level 1 of the Elven Halls
 35708 | Elf:1    | Paralysed by an orc sorcerer for 2 turns
 36224 | Elf:1    | Identified the +2 mace "Yduyng" {freeze, Str+4 Int+5 Dex-5}
 36336 | Elf:1    | Identified the Collected Works on the Blaze
 36883 | Elf:2    | Reached XP level 18. HP: 125/166 MP: 25/25
 36891 | Elf:2    | Found a runed translucent gate.
 36891 | Elf:2    | Found a runed translucent gate.
 36891 | Elf:2    | Found a runed translucent gate.
 37092 | Elf:3    | Entered Level 3 of the Elven Halls
 37512 | Elf:2    | Found Tiexkepp's Gadget Emporium.
 37698 | Elf:2    | Reached skill level 16 in Fighting
 37698 | Elf:2    | Reached skill level 10 in Invocations
 39281 | Shoals:2 | Noticed Polyphemus
 39304 | Shoals:2 | Killed Polyphemus
 40066 | Shoals:3 | Found Vupuucal's Assorted Antiques.
 40180 | Shoals:3 | Identified the +3 scale mail of Umigral {-Cast rElec Int+4}
                  | (You found it on level 3 of the Shoals)
 40380 | Shoals:3 | Found a transporter.
 41088 | Shoals:3 | Found a transporter.
 41093 | Shoals:3 | Noticed Aizul
 41112 | Shoals:3 | Killed Aizul
 41385 | Shoals:3 | Reached skill level 17 in Fighting
 41412 | Shoals:3 | Got a smoking platinum amulet
 41414 | Shoals:3 | Identified the amulet "Baxkoi" {RegenMP rPois MP+9 Str+3
                  | Stlth-} (You found it on level 3 of the Shoals)
 41431 | Shoals:3 | Got an ancient granite ring
 41432 | Shoals:3 | Identified the ring of Moodiness {rN+ MR++ Str+5} (You
                  | found it on level 3 of the Shoals)
 41682 | Shoals:4 | Entered Level 4 of the Shoals
 41707 | Shoals:4 | Reached XP level 19. HP: 108/177 MP: 26/26
 42372 | D:14     | Found a gate to the Vaults.
 42379 | Vaults:1 | Entered Level 1 of the Vaults
 42419 | Vaults:1 | Learned a level 3 spell: Spectral Weapon
 42421 | Vaults:1 | Learned a level 1 spell: Summon Butterflies
 42425 | Vaults:1 | Learned a level 3 spell: Regeneration
 42700 | Vaults:1 | Found Bonoes's Gadget Shop.
 43008 | Vaults:1 | Noticed a Brimstone Fiend
 43013 | Vaults:1 | Noticed Nikola
 43030 | Vaults:1 | Killed Nikola
 43607 | Vaults:1 | Reached skill level 15 in Armour
 44491 | Vaults:2 | Noticed Saint Roka
 44515 | Vaults:2 | Killed Saint Roka
 44738 | Vaults:2 | Found a staircase to the Crypt.
 44738 | Vaults:2 | Found a basalt altar of Yredelemnul.
 44739 | Vaults:2 | Found an ancient bone altar of Kikubaaqudgha.
 44788 | Vaults:2 | Reached skill level 18 in Fighting
 45021 | Crypt:1  | Entered Level 1 of the Crypt
 46209 | Crypt:3  | Entered Level 3 of the Crypt
 46209 | Crypt:3  | Noticed Jory
 46224 | Crypt:2  | Killed Jory
 46224 | Crypt:2  | Reached XP level 20. HP: 132/188 MP: 28/28
 46685 | Crypt:3  | Noticed Mara
 46702 | Crypt:3  | Killed Mara
 46881 | Crypt:3  | Found a staircase to the Tomb.
 47211 | Crypt:3  | Noticed a curse toe
 47215 | Crypt:3  | Killed a curse toe
 47376 | Crypt:3  | Noticed a bone dragon
 47381 | Crypt:3  | Killed a bone dragon
 47417 | Crypt:3  | Noticed an ancient lich
 47419 | Crypt:3  | Cast into level 5 of the Abyss (an ancient lich)
 47419 | Abyss:5  | Entered Level 5 of the Abyss
 47439 | Abyss:5  | Found a stormy altar of Qazlal.
 47470 | Abyss:5  | Paralysed by accursed screaming for 1 turns
 47732 | Abyss:5  | Reached skill level 19 in Fighting
 47746 | Crypt:3  | Escaped the Abyss
 47749 | Crypt:3  | Found the +5 demon whip "Spellbinder" {antimagic, MR+}
 47755 | Crypt:3  | Killed an ancient lich
 47765 | Crypt:3  | Got a shimmering pewter amulet
 47799 | Crypt:3  | Reached skill level 15 in Dodging
 47811 | Crypt:3  | Identified the amulet of Mekhlinn {Inacc rPois Str-4 Dex+2}
                  | (You found it on level 3 of the Crypt)
 48484 | Crypt:2  | Reached XP level 21. HP: 177/198 MP: 30/30
 49113 | Vaults:2 | Found Lirit's Antique Armour Shoppe.
 49521 | Vaults:2 | You fall into a shaft and drop 1 floor!
 50367 | Vaults:3 | Found a snail-covered altar of Cheibriados.
 51332 | Vaults:4 | Reached skill level 20 in Fighting
 51444 | Vaults:4 | Noticed Mennas
 51471 | Vaults:4 | Killed Mennas
 51479 | Vaults:4 | Reached skill level 15 in Invocations
 51537 | Vaults:4 | Found a flickering gateway to a bazaar.
 51851 | Bazaar   | Entered a bazaar
 51891 | Bazaar   | Found Qiahuclu's Book Shop.
 51905 | Bazaar   | Found Xihig's Assorted Antiques.
 51920 | Bazaar   | Found Otisyire's Food Shop.
 51940 | Bazaar   | Found Seass's Book Shoppe.
 51949 | Bazaar   | Found Malad's Distillery.
 52014 | Bazaar   | Bought a ration for 40 gold pieces
 52014 | Bazaar   | Bought a ration for 40 gold pieces
 52014 | Bazaar   | Bought a ration for 40 gold pieces
 52014 | Bazaar   | Bought a ration for 40 gold pieces
 52014 | Bazaar   | Bought a ration for 40 gold pieces
 52014 | Bazaar   | Bought a ration for 40 gold pieces
 52014 | Bazaar   | Bought a ration for 40 gold pieces
 52014 | Bazaar   | Bought a ration for 40 gold pieces
 52014 | Bazaar   | Bought a ration for 40 gold pieces
 52014 | Bazaar   | Bought a ration for 40 gold pieces
 52032 | Bazaar   | Bought a scroll of teleportation for 54 gold pieces
 52032 | Bazaar   | Bought 2 scrolls of blinking for 270 gold pieces
 52032 | Bazaar   | Bought 2 potions of curing for 108 gold pieces
 52032 | Bazaar   | Bought a scroll of silence for 135 gold pieces
 52271 | Vaults:4 | Reached XP level 22. HP: 209/209 MP: 32/32
 52422 | Vaults:4 | Noticed Margery
 52444 | Vaults:4 | Killed Margery
 52979 | Vaults:4 | Noticed Xtahua
 52989 | Vaults:4 | Killed Xtahua
 53067 | Vaults:4 | Found a runed translucent gate.
 53068 | Vaults:4 | Found a runed translucent gate.
 53068 | Vaults:4 | Found a runed translucent gate.
 53071 | Vaults:4 | Noticed Trobe's ghost (veteran HOFi)
 53582 | Vaults:4 | Got a pair of crude gloves
 53583 | Vaults:4 | Identified the +2 pair of gloves of Insecurity {rPois rC+
                  | Stlth+} (You found it on level 4 of the Vaults)
 53646 | Vaults:4 | Killed Trobe's ghost
 53903 | D:12     | Found a runed translucent door.
 54070 | D:8      | Killed hitsuchi's ghost
 54129 | D:11     | Bought a book of Enchantments for 550 gold pieces
 54137 | D:11     | Learned a level 6 spell: Deflect Missiles
 54203 | D:15     | Found a runed translucent door.
 54208 | D:15     | Noticed Xaom's ghost (journeyman MiFi)
 54209 | D:15     | Identified the +3 trident of Omavoss {pierce, *Rage *Noise
                  | rElec MR+++}
 54212 | D:15     | Noticed Kirke
 54238 | D:15     | Killed Kirke
 54426 | D:15     | Found a shadowy altar of Dithmenos.
 54527 | D:15     | Reached skill level 1 in Air Magic
 54625 | D:15     | Reached skill level 1 in Charms
 54710 | D:15     | Found a staircase to the Depths.
 54757 | D:15     | Killed Xaom's ghost
 54836 | Depths:1 | Entered Level 1 of the Depths
 54921 | Depths:1 | Found Vinemani's One-of-a-Kind Books.
 55011 | Depths:1 | Found a runed translucent gate.
 55011 | Depths:1 | Found a runed translucent gate.
 55011 | Depths:1 | Found a runed translucent gate.
 55652 | Depths:1 | Reached skill level 21 in Fighting
 55714 | Depths:1 | Found a gateway to Hell.
 55888 | Depths:1 | Noticed Giur's ghost (veteran TrFi)
 55888 | Depths:1 | Noticed Cimmios's ghost (veteran BaIE)
 55889 | Depths:1 | Noticed Kywuokin's ghost (veteran FoFi)
 56223 | Depths:2 | Found a runed translucent door.
 56224 | Depths:2 | Noticed aloneDruid's ghost (adept GnGl)
 56926 | Depths:2 | Found Tezay's Food Boutique.
 56936 | Depths:2 | Bought a ration for 65 gold pieces
 56936 | Depths:2 | Bought a ration for 65 gold pieces
 56936 | Depths:2 | Bought a ration for 65 gold pieces
 56936 | Depths:2 | Bought a ration for 65 gold pieces
 56936 | Depths:2 | Bought a ration for 65 gold pieces
 56936 | Depths:2 | Bought a ration for 65 gold pieces
 56936 | Depths:2 | Bought a ration for 65 gold pieces
 56936 | Depths:2 | Bought a ration for 65 gold pieces
 56936 | Depths:2 | Bought a ration for 65 gold pieces
 56936 | Depths:2 | Bought a ration for 65 gold pieces
 57056 | Depths:2 | Found Neaxamun's Assorted Antiques.
 57060 | Depths:2 | Found Hank's Antique Weapon Emporium.
 57062 | Depths:2 | Bought a potion of heal wounds for 135 gold pieces
 57062 | Depths:2 | Bought a scroll of teleportation for 81 gold pieces
 57062 | Depths:2 | Bought a scroll of blinking for 202 gold pieces
 57073 | Depths:2 | Reached XP level 23. HP: 220/220 MP: 33/33
 57299 | Depths:2 | Identified the +1 leather armour of Cumonife {rPois Slay+2}
                  | (You found it on level 2 of the Depths)
 57728 | Depths:3 | Found a gateway to a ziggurat.
 57975 | Depths:3 | Identified the Catalogue of Doomed Contamination (You
                  | acquired it on level 3 of the Depths)
 58100 | Depths:3 | Found a one-way gate to the infinite horrors of the Abyss.
 58130 | Depths:3 | Found a one-way gate leading to the halls of Pandemonium.
 58179 | Depths:4 | Reached skill level 5 in Air Magic
 58251 | Depths:5 | Entered Level 5 of the Depths
 58253 | Depths:5 | Noticed a juggernaut
 58267 | Depths:5 | Killed a juggernaut
 58385 | Depths:5 | Reached skill level 5 in Charms
 58467 | Depths:5 | Found a gate to the Realm of Zot.
 58558 | Depths:5 | Reached skill level 22 in Fighting
 58719 | Depths:5 | Found Edukhug's Magic Scroll Shop.
 58723 | Depths:5 | Bought a scroll of acquirement for 624 gold pieces
 58723 | Depths:5 | Bought a scroll of enchant weapon for 90 gold pieces
 58723 | Depths:5 | Bought a scroll of enchant armour for 90 gold pieces
 59077 | Depths:5 | Found a runed translucent door.
 59078 | Depths:5 | Noticed a caustic shrike
 59081 | Depths:5 | Noticed a caustic shrike
 59081 | Depths:5 | Noticed a juggernaut
 59082 | Depths:5 | Noticed a caustic shrike
 59122 | Depths:5 | Killed a juggernaut
 59130 | Depths:5 | Killed a caustic shrike
 59134 | Depths:5 | Killed a caustic shrike
 59140 | Depths:5 | Killed a caustic shrike
 59166 | Depths:5 | Identified the +4 longbow "Killer Bee's Death" {freeze,
                  | +Fly} (You found it on level 5 of the Depths)
 59318 | Depths:4 | Reached XP level 24. HP: 205/232 MP: 34/34
 59328 | Depths:4 | Found Yttyrog's Weapon Boutique.
 59793 | Depths:4 | Noticed a juggernaut
 59830 | Depths:4 | Killed a juggernaut
 60180 | Depths:4 | Found Apytum's Jewellery Boutique.
 60189 | Depths:4 | Found Ituiwk's Gadget Emporium.
 60207 | Depths:4 | Found Omuwaps's Assorted Antiques.
 60215 | Depths:4 | Bought a scroll of teleportation for 111 gold pieces
 60215 | Depths:4 | Bought a potion of heal wounds for 185 gold pieces
 60215 | Depths:4 | Bought a potion of curing for 111 gold pieces
 60249 | Depths:4 | Found Hieptempe's Antique Armour Boutique.
 60804 | Shoals:4 | Reached skill level 1 in Evocations
 60812 | Shoals:4 | Identified the +2 buckler "Buphasoth" {Slay+5 Stlth-} (You
                  | found it on level 4 of the Shoals)
 61002 | Shoals:4 | Noticed Ilsuiw
 61033 | Shoals:4 | Killed Ilsuiw
 61325 | Shoals:4 | Reached skill level 1 in Conjurations
 61342 | Shoals:4 | Got a barnacled rune of Zot
 61423 | Shoals:4 | Identified the cursed +0 plate armour "Butzeav" {Str+3
                  | Int+5 SInv} (You found it on level 4 of the Shoals)
 61849 | Vaults:5 | Entered Level 5 of the Vaults
 61895 | Vaults:5 | Identified the +4 troll leather armour of the Enchanted
                  | Forest {+Inv rPois Regen+ Str+6 Dex-3}
 61912 | Vaults:5 | Reached skill level 5 in Evocations
 62006 | Vaults:5 | Reached XP level 25. HP: 234/240 MP: 35/35
 62087 | Vaults:5 | Reached skill level 5 in Conjurations
 62337 | Vaults:5 | Identified the +4 battleaxe of the Common Good {protect,
                  | rN++ Str+4}
 62337 | Vaults:5 | Identified the ring "Zafyqe" {rElec rF+ MR+++ MP-9 Stlth-}
 62405 | Vaults:5 | Reached skill level 10 in Spellcasting
 62425 | Vaults:5 | Noticed Frederick
 62439 | Vaults:5 | Killed Frederick
 62486 | Vaults:5 | Identified the +5 arbalest "Fogum" {elec, Str+4 Int+7 SInv}
 62969 | Vaults:5 | Identified the +1 dagger of Roihoupp {antimagic, -Tele
                  | Str+2 Dex+3 SInv}
 63133 | Vaults:5 | Got a silver rune of Zot
 63722 | Elf:3    | Found a shimmering blue altar of Sif Muna.
 63829 | Elf:3    | Identified the amulet "Qumeg" {RegenMP Dex+6} (You found it
                  | on level 3 of the Elven Halls)
 64153 | Elf:3    | Reached skill level 10 in Evocations
 64353 | Elf:3    | Identified the Handbook of Toxins and Summoning
 64398 | Elf:3    | Got a wavering tin ring
 64399 | Elf:3    | Identified the ring "Hauqymn" {-Tele rPois rC++ Int+9
                  | Slay+4} (You acquired it on level 3 of the Elven Halls)
 64413 | Elf:3    | Identified Sif Muna's Disquisition on Fetching Calling
 64421 | Elf:3    | Identified the +9 ice dragon scales "Fenil" {*Drain +Inv
                  | rF- rC++ Str+3 Int+2} (You found it on level 3 of the Elven
                  | Halls)
 64857 | Slime:1  | Entered Level 1 of the Pits of Slime
 65081 | Slime:3  | Reached skill level 10 in Air Magic
 65116 | Slime:5  | Entered Level 5 of the Pits of Slime
 65149 | Slime:5  | Reached XP level 26. HP: 246/246 MP: 36/36
 65170 | Slime:5  | Gained mutation: [Your magical capacity is low. (-10% MP)]
                  | [a shining eye]
 65231 | Slime:5  | Noticed the Royal Jelly
 65241 | Slime:5  | Killed the Royal Jelly
 65264 | Slime:5  | Found the +6 lightning scales {run, rElec}
 65273 | Slime:5  | Got a slimy rune of Zot
 65576 | Slime:4  | Lost mutation: Your spells are a little harder to cast, but
                  | a little more powerful. [a shining eye]
 65579 | Slime:4  | Gained mutation: [You occasionally shout uncontrollably at
                  | your foes.] [a shining eye]
 65585 | Slime:4  | Paralysed by a floating eye for 4 turns
 66307 | Depths:3 | Voluntarily entered the Abyss.
 66669 | Abyss:4  | Found a corrupted altar of Lugonu.
 66727 | Abyss:4  | Found a corrupted altar of Lugonu.
 66755 | Abyss:5  | Entered Level 5 of the Abyss
 66773 | Abyss:5  | Gained mutation: [Your body sometimes deteriorates upon
                  | taking damage.] [a neqoxec]
 66776 | Abyss:5  | Gained mutation: [Your spells are a little easier to cast,
                  | but a little less powerful.] [a neqoxec]
 66824 | Abyss:5  | Identified the +0 hat of the Slug {Str+7 Dex-4} (You
                  | acquired it on level 5 of the Abyss)
 67091 | Abyss:5  | Reached skill level 10 in Conjurations
 67146 | Abyss:5  | Found a corrupted altar of Lugonu.
 67215 | Abyss:5  | Gained mutation: Armour fits poorly on your strangely
                  | shaped body. [a neqoxec]
 67222 | Abyss:5  | Gained mutation: [You are dopey. (Int -2)] [a neqoxec]
 67236 | Abyss:5  | Paralysed by accursed screaming for 1 turns
 67360 | Abyss:5  | Gained mutation: [Your magical capacity is very low. (-20%
                  | MP)] [a neqoxec]
 67432 | Abyss:5  | Reached skill level 10 in Charms
 67965 | Abyss:5  | Reached XP level 27. HP: 174/254 MP: 29/29
 67997 | Abyss:5  | Lost intelligence.
 68012 | Abyss:5  | Found a corrupted altar of Lugonu.
 68018 | Abyss:5  | Got an abyssal rune of Zot
 68028 | Abyss:5  | Found a corrupted altar of Lugonu.
 68032 | Abyss:5  | HP: 8/256 [spatial maelstrom (15)]
 68032 | Abyss:5  | HP: 2/256 [spatial maelstrom (6)]
 68033 | Abyss:5  | Mangled by a dire elephant

Levels and vault maps discovered:
D:1:      minmay_arrival_wavy_path, layout_basic
D:2:      layout_loops_corners
D:3:      layout_loops_ring, nicolae_qazlal_style_of_elements,
          overflow_temple_1_default, gammafunk_temple_overflow_elements,
          lemuel_round_altar, glass_columns_c, minivault_27,
          minmay_close_crescents
D:4:      layout_loops_ring, minmay_temple_entry_ruins, gammafunk_ghost_grave,
          first_ration, uniq_edmund
D:5:      layout_cave_pods, dancing_weapons_uskayaw
D:6:      wander_guarded_unrand_ratskin, layout_rooms, grunt_gozag_statues,
          nemelex_altar_shiori, uniq_eustachio
D:7:      layout_cave_pods, lemuel_doored_altar,
          gammafunk_temple_overflow_statue
D:8:      layout_loops_cross, gammafunk_temple_overflow_wave,
          gammafunk_ghost_hydra_chop, uniq_gastronok
D:9:      layout_basic, orc_0_dummy
D:10:     layout_basic, erik_lair_orcish_takeover, basic_altar
D:11:     layout_loops_ring, serial_shops, shop, grunt_livestock
D:12:     layout_rooms, serial_park_tiny_2, minivault_13
D:13:     layout_roguey
D:14:     layout_basic, grunt_vaults_entry_fortified, moated_statue,
          uniq_jorgrun
D:15:     gammafunk_enter_depths_forms, layout_cave_pools,
          grunt_dithmenos_shadows, ebering_ghost_funeral_grove, uniq_kirke
Lair:1:   layout_regular_city, hangedman_lair_generics_rect, uniq_nergalle
Lair:2:   layout_loops_ring, elwin_shoals_entry_rooms, beast_lair_carwin_5
Lair:3:   layout_long_grid, minmay_lair_oklob_items,
          nicolae_quartered_pool_little, serial_bayou_shore_a,
          grunt_megastairs_5
Lair:4:   layout_regular_city, spider_nest_entry_web_field,
          kennysheep_catoblepas_arena, grunt_megastairs_4,
          minmay_lair_oklob_chamber
Lair:5:   layout_regular_city, slime_dummy, nicolae_volcano_entry_vermiform,
          minivault_29
Lair:6:   minmay_lair_end_frog_pond, layout_regular_city, serial_bayou_shore_b
Shoals:1: layout_shoals
Shoals:2: layout_shoals, uniq_polyphemus
Shoals:3: gammafunk_its_a_trap, layout_shoals, serial_shops, nicolae_shop_trees,
          uniq_aizul
Shoals:4: shoals_end_grunt_ice, layout_shoals, shoals_ilsuiw_ice
Spider:1: layout_chambers, drop_trap
Spider:2: layout_spider_delve, nicolae_spider_cling_halls
Spider:3: layout_spider_delve, special_room [special_room_bee],
          gammafunk_ghost_necromancy
Spider:4: guppyfry_spider_rune, drop_trap
Slime:1:  layout_caves, cheibrodos_slime_lost_civilization_5
Slime:2:  nicolae_slime_jelly_donut, layout_caves
Slime:3:  layout_caves
Slime:4:  layout_caves
Slime:5
Orc:1:    layout_diamond_mine, portal_ice_cave_entry_pillars_1, serial_shops,
          nicolae_shop_window_shopping, guppyfry_library_mini
Orc:2:    st_orc_rangers, layout_caves, serial_shops, shop_fountains
Elf:1:    elf_arrival_002, layout_loops_cross, minivault_28, hex_large,
          minmay_the_grid_square_5x5_3x3_mashed
          [minmay_the_grid_square_5x5_gyroscope,
          minmay_the_grid_square_5x5_tetrominoes,
          minmay_the_grid_square_5x5_dogpile,
          minmay_the_grid_square_5x5_checkered_statues,
          minmay_the_grid_square_5x5_megaprize_checkered,
          minmay_the_grid_square_5x5_two, minmay_the_grid_square_5x5_checkered,
          minmay_the_grid_square_5x5_empty,
          minmay_the_grid_square_5x5_three_small]
Elf:2:    layout_onion_city, serial_shops, nicolae_shop_window_shopping,
          uniq_agnes
Elf:3:    elf_hall, layout_loops_cross, hangedman_summoners_spam
Vaults:1: ontoclasm_vaults_decontamination, v_misc_29,
          nicolae_vaults_network_star, ontoclasm_vaults_fault,
          vaults_room_ringed_pool, nicolae_vaults_little_squares_2,
          vaults_room_corners, st_more_cells, nicolae_vaults_little_squares_6,
          nicolae_vaults_specimen_jars, vaults_dpeg_hooks, v_misc_27,
          vaults_room_stairs_pillars, vaults_dpeg_ring,
          layout_vaults_chaotic_city, serial_shops, nicolae_shop_stone,
          uniq_nikola
Vaults:2: nicolae_vaults_network_quinsquares
          [nicolae_vaults_network_quincunx_subvault,
          nicolae_vaults_network_quincunx_subvault,
          nicolae_vaults_network_quincunx_subvault,
          nicolae_vaults_network_quincunx_subvault],
          minmay_crypt_entry_necro_gods, v_rooms_6, vaults_standard_mumra_lines,
          nicolae_vaults_network_square, v_alt_pattern_1, v_misc_26,
          ontoclasm_vaults_idyll, v_misc_10, nicolae_vaults_fighting_squares,
          vaults_mumra_lcd, vaults_dpeg_encased_lava, layout_vaults_maze_bifur,
          serial_shops, shop, uniq_saint_roka
Vaults:3: ontoclasm_vaults_misaligned, vaults_room_grid, v_misc_32,
          grunt_vaults_twisty, nicolae_vaults_theta, vaults_dpeg_diagonal,
          layout_vaults_omnigrid, basic_altar
Vaults:4: gammafunk_vaults_ghost_tricky_traps, vaults_room_door_ring,
          hangedman_vaults_stretched_pinwheel, vaults_room_hallway,
          nicolae_vaults_alarming, v_misc_13, nicolae_vaults_what_the_h,
          ontoclasm_vaults_spin, v_rooms_4, nicolae_vaults_little_squares_3,
          st_lattice, hangedman_vaults_capsules, v_misc_29,
          nicolae_vaults_diagonal_hallway_9, layout_vaults_ring, serial_shops,
          bzr_entry_customers, uniq_margery, uniq_xtahua, uniq_mennas
Vaults:5: serial_shops, uniq_frederick
Crypt:1:  layout_basic
Crypt:2:  layout_regular_city
Crypt:3:  due_elkab, layout_chaotic_city, tomb_entry_shell_bobbens, uniq_mara,
          uniq_jory
Depths:1: layout_gridlike, pf_dread_powers_of_hell, minmay_misc_feat_rugged,
          gammafunk_ghost_cemetery, nicolae_rare_books, kennysheep_small_circle
Depths:2: nicolae_whirlpool, layout_cave_pools, lightli_too_deep, serial_shops,
          nicolae_shop_waterfront, minmay_stone_trees_small,
          ebering_ghost_inner_flame, infiniplex_staircase_zigzag_4,
          minmay_shoptagon
Depths:3: minmay_open_boxes_in_corner, layout_cave_pools, enter_ziggurat_c,
          pan_entry, hell_entry, abyss_entry_crystal
Depths:4: hangedman_arch_fort, layout_twisted_cross, marbit_kobold_abyss_entry,
          serial_shops, shop, shop_statue, shop_fountains, nicolae_shop_trees,
          kennysheep_mini, hell_entry, chequers_serial_rivers_micro_a
Depths:5: grunt_zot_entry_alcove, layout_basic, fountainhead, pf_coc_iceberg,
          serial_shops, shop, minmay_st_funbox, chequers_serial_rivers_micro_a,
          water_maze_lemuel
Abyss:5:  base: Spider:1, evilmike_abyss_exit_14, hangedman_abyss_theft,
          due_evilmike_abyss_rune_seething_liches,
          due_evilmike_abyss_rune_seething_liches, evilmike_abyss_exit_1,
          abyss_greek_temple, hangedman_elemental_corridor,
          dshaligram_kb_abyss_rune_zappy_water_cross, evilmike_abyss_exit_chaos,
          gammafunk_abyss_rune_reverse_zot, onia_ninara_dug_in_and_dangerous,
          dshaligram_kb_abyss_rune_zappy_water_cross, evilmike_abyss_exit_14,
          nicolae_abyss_rune_left_handed, base: Slime:1,
          guppyfry_abyss_exit_imp_island, hangedman_relentless_pull,
          evilmike_abyss_rune_elephants_shrine, small_statue_intersection,
          hangedman_decor_points, hangedman_abyss_rune_macabre_mess,
          hangedman_decor_points, evilmike_abyss_rune_ettins,
          hangedman_abyss_rune_macabre_mess, lemuel_flamethrower_3,
          evilmike_abyss_rune_tso_outpost, grunt_abyss_rune_wretched_hive,
          grunt_abyss_exit_deep_breaths, minivault_20,
          evilmike_abyss_rune_siren_acolytes, hangedman_abyss_shoalhut,
          evilmike_abyss_rune_ettins, minivault_5,
          evilmike_nicolae_abyss_rune_containment_curve,
          evilmike_abyss_rune_elephants_shrine

Skill      XL: |  1  2  3  4  5  6  7  8  9 10 11 12 13 14 15 16 17 18 19 20 21 22 23 24 25 26 |
---------------+-------------------------------------------------------------------------------+-----
Fighting       | 1 2 3 4 5 6 7 8 9 10 12 13 14 15 17 18 19 20 21 22 | 22.7
Armour         | 1 2 3 4 6 9 11 12 14 15 17 18 20 | 20.9
Maces & Flails | 2 3 |  3.5
Shields        | 2 3 4 5 7 |  7.1
Invocations    | 1 2 3 4 6 7 8 9 11 12 14 15 | 15.7
Short Blades   | 1 2 4 5 6 7 |  7.4
Stealth        | 2 3 4 5 6 8 9 10 | 10.6
Long Blades    | 2 4 5 7 9 11 12 13 16 19 | 19.9
Hexes          | 2 3 4 5 |  5.1
Spellcasting   | 2 3 4 5 6 8 9 10 11 | 11.7
Dodging        | 3 6 9 10 12 13 15 16 17 | 17.0
Air Magic      | 3 6 8 10 11 | 11.3
Charms         | 3 6 7 9 10 | 10.4
Evocations     | 6 10 12 | 12.5
Conjurations   | 4 8 10 | 10.1
Transmutations | |  0.7
Earth Magic    | |  2.4

Action                   |  1- 3 |  4- 6 |  7- 9 | 10-12 | 13-15 | 16-18 | 19-21 | 22-24 | 25-27 || total
-------------------------+-------+-------+-------+-------+-------+-------+-------+-------+-------++-------
Melee: Unarmed           |    18 |       |       |       |       |       |       |       |       ||    18
       Headbutt          |     6 |    14 |    42 |   180 |   563 |   421 |   479 |   532 |   528 ||  2765
       Mace              |    42 |    14 |       |       |       |       |       |       |       ||    56
       Flail             |       |    67 |       |       |       |       |       |       |       ||    67
       Dagger            |       |    21 |   246 |   640 |   874 |       |       |       |       ||  1781
       Falchion          |       |       |       |   161 |  1030 |   289 |       |       |       ||  1480
       Long sword        |       |       |       |       |   183 |    29 |       |       |       ||   212
       Quick blade       |       |       |       |       |     6 |       |       |       |       ||     6
       Great sword       |       |       |       |       |       |  1213 |  1429 |  1194 |       ||  3836
       Eudemon blade     |       |       |       |       |       |       |       |   281 |  1428 ||  1709
Throw: Throwing net      |       |       |       |       |     5 |       |     5 |       |       ||    10
       Stone             |       |       |       |       |     3 |       |       |       |       ||     3
       Dart              |       |       |       |       |     3 |     6 |     3 |       |       ||    12
 Cast: Sandblast         |    22 |       |       |       |       |       |       |       |       ||    22
       Apportation       |       |       |       |       |     4 |       |       |     3 |       ||     7
       Confusing Touch   |       |       |       |       |     1 |     3 |       |       |     1 ||     5
       Passwall          |       |       |       |       |     1 |       |       |       |     2 ||     3
       Spectral Weapon   |       |       |       |       |       |       |       |     3 |     1 ||     4
       Deflect Missiles  |       |       |       |       |       |       |       |       |     1 ||     1
Invok: Lesser Servant of |       |       |       |     1 |    12 |     4 |       |       |       ||    17
       Greater Servant o |       |       |       |     1 |     4 |     3 |     7 |     9 |     5 ||    29
       Major Destruction |       |       |       |       |     8 |       |       |       |       ||     8
 Abil: Evoke Ratskin     |       |       |       |     2 |     1 |       |       |       |       ||     3
       Evoke Blink       |       |       |       |     1 |     1 |       |       |       |       ||     2
       Evoke Berserk Rag |       |       |       |       |     1 |     8 |       |       |       ||     9
Evoke: Wand              |       |       |       |    17 |    29 |     7 |       |    10 |       ||    63
       Phantom mirror    |       |       |       |       |       |       |       |       |     1 ||     1
  Use: Scroll            |     6 |     7 |     4 |    15 |    22 |    24 |    14 |    18 |    16 ||   126
       Potion            |     2 |     4 |     9 |    16 |    17 |    17 |     6 |     8 |     4 ||    83
 Stab: Sleeping          |     1 |       |    10 |    22 |    20 |    12 |    15 |    15 |     3 ||    98
       Invisible         |     1 |       |     1 |       |       |       |       |       |       ||     2
       Distracted        |       |       |       |     5 |     6 |     5 |     4 |    10 |     7 ||    37
       Held in net/web   |       |       |       |       |     4 |       |     2 |       |       ||     6
       Confused          |       |       |       |       |       |     3 |       |       |     3 ||     6
       Paralysed         |       |       |       |       |       |       |       |       |     1 ||     1
  Eat: Chunk             |     3 |     6 |     8 |    10 |    12 |    11 |    13 |    12 |     2 ||    77
       Ration            |       |       |     1 |     6 |    11 |    11 |     8 |     5 |     6 ||    48
Armor: Leather armour    |    11 |     3 |    41 |   159 |       |       |       |       |       ||   214
       Robe              |     1 |       |       |       |       |       |       |       |       ||     1
       Skin              |    12 |       |     7 |    44 |       |       |       |       |       ||    63
       Chain mail        |       |    24 |       |       |       |       |       |       |       ||    24
       Ring mail         |       |       |       |    28 |   388 |       |       |       |       ||   416
       Scale mail        |       |       |       |       |   327 |   796 |   449 |   570 |   384 ||  2526
Dodge: Dodged            |    51 |    47 |   111 |   312 |   881 |  1489 |   871 |  1335 |   820 ||  5917
       Deflected         |       |       |       |       |       |       |       |       |     3 ||     3
Block: Buckler           |    12 |    23 |    85 |   163 |   519 |   125 |       |    84 |   363 ||  1374
       Rpst.: Falchion   |       |       |       |    16 |    87 |    30 |       |       |       ||   133
       Long sword        |       |       |       |       |    15 |     1 |       |       |       ||    16
       Great sword       |       |       |       |       |       |   272 |   184 |   160 |       ||   616
       Eudemon blade     |       |       |       |       |       |       |       |    43 |   181 ||   224
